 Dungeon Crawl Stone Soup version 0.27-a0-1154-gfdeffcb720 (webtiles) character file.

Game seed: 7530866957690332036

14223 lostcausedog the Basher (level 11, -4/150 HPs)
             Began as a Red Draconian Berserker on May 12, 2021.
             Was a High Priest of Trog.
             Killed by mirror damage (8 damage)
             ... on level 11 of the Dungeon on May 15, 2021.
             The game lasted 00:47:54 (15102 turns).

lostcausedog the Basher (Red Draconian Berserker)  Turns: 15102, Time: 00:47:55

Health: -4/150     AC:  8    Str: 23    XL:     11   Next: 85%
Magic:  11/11      EV: 17    Int:  7    God:    Trog [*****.]
Gold:   684        SH:  5    Dex: 22    Spells: 10/10 levels left

rFire    . . .     SeeInvis .   n - +8 mace "Ohoal" {speed, rPois}
rCold    . . .     Faith    .   (no shield)
rNeg     + . .     Spirit   .   (armour unavailable)
rPois    +         Reflect  +   (helmet restricted)
rElec    .         Harm     .   f - +0 cloak
rCorr    .         Rampage  .   (no gloves)
Will     .....                  (no boots)
Stlth    ..........             B - amulet of Hoiridd {Reflect rF- rN+ Dex+5 SH+5}
HPRegen  0.35/turn              r - +6 ring of dexterity
MPRegen  0.12/turn              w - ring of poison resistance

@: berserking, very quick
A: breathe fire, AC +7, unfitting armour, fire resistance 1, cold-blooded
a: Breathe Fire, Renounce Religion, Berserk, Trog's Hand, Brothers in Arms


You were on level 11 of the Dungeon.
You worshipped Trog.
Trog was extremely pleased with you.
You visited 2 branches of the dungeon, and saw 12 of its levels.
You also visited: Sewer.

You collected 684 gold pieces.

Inventory:

Hand Weapons
 a - a +0 hand axe of freezing
 b - a +2 battleaxe of flaming
 e - a +1 short sword of protection
 l - a +2 war axe of flaming
 n - the +8 mace "Ohoal" (weapon) {speed, rPois}
   (You found it on level 4 of the Dungeon)

   Attacks with this weapon are significantly faster.
   It protects you from poison.
 D - a +2 whip of flaming
 K - a +2 dire flail of freezing
 L - a +3 short sword
 N - the +7 mace of Variability {chain chaos}
   (You found it on level 8 of the Dungeon)

   Each time it hits an enemy it has a different, random effect.
Missiles
 C - 2 curare-tipped darts
 I - 4 throwing nets
Armour
 f - a +0 cloak (worn)
 t - a +2 robe of cold resistance
 H - a +1 scale mail of fire resistance
 M - the +2 pair of boots "Wizucrei" {rF- rC+++ rN+++ Dex-5}
   (You found it on level 8 of the Dungeon)

   It affects your dexterity (-5).
   It makes you vulnerable to fire.
   It renders you almost immune to cold.
   It renders you almost immune to negative energy.
Jewellery
 r - a +6 ring of dexterity (left hand)
 w - a ring of poison resistance (right hand)
 B - the amulet of Hoiridd (around neck) {Reflect rF- rN+ Dex+5 SH+5}
   (You found it on level 6 of the Dungeon)

   [amulet of reflection]

   It reflects blocked missile attacks.
   It affects your dexterity (+5).
   It makes you vulnerable to fire.
   It protects you from negative energy.
   It affects your SH (+5).
 Q - a ring of ice
 U - a +6 ring of dexterity
Wands
 d - a wand of charming (6)
 k - a wand of polymorph (18)
 G - a wand of flame (9)
 J - a wand of acid (4)
 P - a wand of mindburst (28)
 V - a wand of iceblast (12)
Scrolls
 c - 4 scrolls of identify
 m - a scroll of noise
 o - a scroll of enchant weapon {unknown}
 s - 2 scrolls of magic mapping
 v - a scroll of torment {unknown}
 y - 3 scrolls of immolation {unknown}
 F - 3 scrolls of teleportation
 O - a scroll of enchant armour {unknown}
 T - a scroll of fog {unknown}
Potions
 g - 2 potions of ambrosia
 h - 3 potions of brilliance
 i - 2 potions of curing
 j - 2 potions of flight
 p - a potion of attraction {unknown}
 q - a potion of mutation {unknown}
 u - 3 potions of haste
 x - a potion of berserk rage {unknown}
 z - a potion of resistance {unknown}
 A - a potion of lignification
 E - 2 potions of heal wounds {unknown}
Miscellaneous
 R - a condenser vane
 S - a condenser vane
 W - a tin of tremorstones (2/2)


   Skills:
 + Level 10.2 Fighting
 + Level 7.5(10.7) Axes
 + Level 11.9(12.7) Maces & Flails
 + Level 7.3 Dodging
 + Level 5.1 Stealth
 + Level 4.3 Shields


You had 10 spell levels left.
You didn't know any spells.
Your spell library contained the following spells:

 Spells                   Type           Power      Damage    Failure   Level
 Foxfire                  Conj/Fire      0%         2x1d4     43%         1
 Summon Small Mammal      Summ           0%         N/A       43%         1
 Call Imp                 Summ           0%         N/A       56%         2
 Call Canine Familiar     Summ           0%         N/A       80%         3
 Conjure Flame            Conj/Fire      0%         6-21      80%         3
 Inner Flame              Hex/Fire       0%         N/A       80%         3
 Summon Guardian Golem    Hex/Summ       0%         N/A       80%         3
 Sticky Flame             Conj/Fire      0%         2d3       99%         4
 Summon Ice Beast         Ice/Summ       0%         N/A       99%         4
 Summon Lightning Spire   Summ/Air       0%         N/A       99%         4
 Fireball                 Conj/Fire      0%         3d3       100%        5
 Irradiate                Conj/Tmut      0%         3d14      100%        5
 Blade Hands              Tmut           0%         N/A       100%        6
 Statue Form              Tmut/Erth      0%         N/A       100%        6
 Dragon Form              Tmut           0%         N/A       100%        7


Dungeon Overview and Level Annotations

Branches:
Dungeon (11/15)            Temple (1/1) D:4           Sewer (visited)
   Lair: D:8-11         Orc: D:9-12

Altars:
Ashenzari
Cheibriados
Dithmenos
Elyvilon
Fedhas
Gozag
Hepliaklqana
Kikubaaqudgha
Makhleb
Nemelex Xobeh
Okawaru
Qazlal
Ru
Sif Muna
Trog
Uskayaw
Vehumet
Wu Jian
Xom
Yredelemnul
Zin
The Shining One
Jiyva


Innate Abilities, Weirdness & Mutations

You can breathe blasts of fire.
Your fiery red scales are hard. (AC +7)
You cannot fit into any form of body armour.
Your flesh is heat resistant. (rF+)
You are cold-blooded and may be slowed by cold attacks.


Message History

You sock the centaur warrior zombie!
You destroy the centaur warrior zombie!
Trog accepts your kill.
The death knight offers itself to Yredelemnul, and fills with unholy energy.
You sock the meliai zombie! You tail-slap the meliai zombie.
The meliai zombie is lightly damaged.
The meliai zombie hits you.
The meliai zombie completely misses you.
You thump the meliai zombie!
The meliai zombie is moderately damaged.
The meliai zombie hits you. The meliai zombie closely misses you.
The death knight hits you from afar with a +0 halberd!
* * * LOW HITPOINT WARNING * * *
A red film seems to cover your vision as you go berserk!
You feel yourself moving faster!
You feel mighty! You block the meliai zombie's attack.
The meliai zombie closely misses you.
The meliai zombie completely misses you.
The meliai zombie barely misses you. The death knight closely misses you.
You sock the meliai zombie!
The meliai zombie is heavily damaged.
The meliai zombie hits you but does no damage.
The meliai zombie barely misses you.
You bludgeon the meliai zombie!!
The meliai zombie is almost destroyed.
You bludgeon the meliai zombie!!
You destroy the meliai zombie!
Trog accepts your kill.
The death knight hits you from afar with a +0 halberd!!
* * * LOW HITPOINT WARNING * * *
You block the death knight's attack.
Things that are here:
a +0 shortbow; 8 arrows; a +0 leather armour You sock the death knight!
The death knight is lightly wounded.
The death knight reflects your damage back at you!
* * * LOW HITPOINT WARNING * * *
You sock the death knight!
The death knight is moderately wounded.
The death knight reflects your damage back at you!
You die...

#.<........# ...
#..........##...<.
#.................
............#####...
###.......รท##
##.#####.# #.#.....#
#...#'#.# ## #@###
#p..+ ##.## ###


You could see a death knight (reflects damage).

Vanquished Creatures
  Harold (D:7)
  A hydra (D:9)
  3 two-headed ogres
  The ghost of leviel the Cleaver, a novice MiFi (D:9)
  Pikel (D:6)
  An ugly thing (D:9)
  2 centaur zombies
  A troll (D:11)
  A hornet (D:9)
  Prince Ribbit (D:7)
  A meliai zombie (D:11)
  3 shadows
  Sigmund (D:3)
  12 yaks
  3 wyverns
  A hog (shapeshifter) (D:9)
  2 chaos spawn (D:8)
  Grum (D:11)
  2 steam dragons
  A warg (shapeshifter) (D:9)
  2 water moccasins
  2 black bears
  6 orc warriors
  Duvessa (D:5)
  4 wolves (D:11)
  2 ogres
  A sky beast (D:6)
  5 centaurs
  5 kobold brigands
  4 bullfrogs
  A gnoll sergeant (D:10)
  A wyvern zombie (D:6)
  Dowan (D:5)
  4 scorpions
  A water moccasin zombie (D:5)
  5 wights (D:7)
  4 howler monkeys (D:8)
  5 orc priests
  7 hounds
  A bullfrog skeleton (D:5)
  5 jellies
  Terence (D:2)
  Jessica (D:2)
  3 iguanas
  7 orc wizards
  A killer bee zombie (D:9)
  A hound skeleton (D:5)
  A howler monkey zombie (D:9)
  Robin (D:3)
  9 gnolls
  7 adders
  3 river rats (Sewer)
  An ufetubus (D:5)
  A worm (D:2)
  3 dart slugs
  17 orcs
  10 ball pythons
  7 endoplasms
  6 giant cockroaches
  15 goblins
  10 hobgoblins
  5 jackals
  30 kobolds
  A quokka (D:3)
  3 bats
  2 frilled lizards
  9 rats
262 creatures vanquished.

Vanquished Creatures (others)
  20 fungi (D:11)
  20 plants (D:11)
40 creatures vanquished.

Grand Total: 302 creatures vanquished

Notes
Turn   | Place    | Note
-------+----------+-------------------------------------------
     0 | D:1      | lostcausedog the Draconian Berserker began the quest for
                  | the Orb.
     0 | D:1      | Reached XP level 1. HP: 19/19 MP: 1/1
   293 | D:1      | Reached XP level 2. HP: 26/26 MP: 2/2
   421 | D:1      | Found a faded altar of an unknown god.
  1232 | D:1      | Reached XP level 3. HP: 33/33 MP: 3/3
  1570 | D:2      | Reached ** piety under Trog
  1571 | D:2      | Noticed Jessica
  1582 | D:2      | Killed Jessica
  1586 | D:2      | Reached XP level 4. HP: 7/40 MP: 4/4
  2160 | D:2      | Noticed Terence
  2170 | D:2      | Killed Terence
  2553 | D:2      | Identified a scroll of acquirement
  2553 | D:2      | Acquired a +2 battleaxe of flaming
  2676 | D:3      | Found a broken altar of Ashenzari.
  3049 | D:3      | Reached XP level 5. HP: 47/47 MP: 5/5
  3057 | D:3      | Found a snail-covered altar of Cheibriados.
  3076 | D:3      | Noticed Robin
  3095 | D:3      | Killed Robin
  3387 | D:3      | Found a basalt altar of Yredelemnul.
  3663 | D:3      | Noticed Sigmund
  3670 | D:3      | Killed Sigmund
  3671 | D:3      | Reached skill level 5 in Axes
  3671 | D:3      | Reached XP level 6. HP: 55/55 MP: 6/6
  3892 | D:4      | Reached skill level 1 in Stealth
  3914 | D:4      | Found a glowing drain.
  3931 | D:4      | Reached *** piety under Trog
  3937 | Sewer    | Entered a sewer
  3942 | Sewer    | Reached skill level 5 in Fighting
  4186 | Sewer    | Your scales start taking on a fiery red colour.
  4186 | Sewer    | Reached XP level 7. HP: 34/61 MP: 7/7
  4186 | Sewer    | Gained mutation: Your flesh is heat resistant. (rF+) [Red
                  | Draconian growth]
  4389 | Sewer    | Found a white marble altar of Elyvilon.
  4459 | D:4      | Upgraded the game from 0.27-a0-1147-gb3d8e82157 to
                  | 0.27-a0-1149-g4505690ab0
  4496 | D:4      | Found a staircase to the Ecumenical Temple.
  4508 | Temple   | Entered the Ecumenical Temple
  4702 | D:4      | Identified the +8 mace "Ohoal" {speed, rPois}
  4964 | D:4      | Found a glowing silver altar of Zin.
  5163 | D:5      | Entered Level 5 of the Dungeon
  5198 | D:5      | Found a hide-covered altar of Uskayaw.
  5317 | D:5      | Noticed Dowan
  5319 | D:5      | Noticed Duvessa
  5325 | D:5      | Killed Duvessa
  5331 | D:5      | Killed Dowan
  5332 | D:5      | Reached skill level 1 in Maces & Flails
  5545 | D:5      | Noticed a shadow
  5563 | D:5      | Killed a shadow
  5564 | D:5      | Reached skill level 2 in Maces & Flails
  5564 | D:5      | Reached XP level 8. HP: 32/69 MP: 8/8
  6012 | D:5      | Reached skill level 3 in Maces & Flails
  6143 | D:6      | Identified the amulet of Hoiridd {Reflect rF- rN+ Dex+5
                  | SH+5}
  6403 | D:6      | Found a shimmering altar of Xom.
  6545 | D:6      | Reached skill level 5 in Dodging
  6547 | D:6      | Reached skill level 4 in Maces & Flails
  6929 | D:6      | Reached XP level 9. HP: 63/78 MP: 9/9
  6932 | D:6      | Reached **** piety under Trog
  7114 | D:6      | Reached skill level 5 in Maces & Flails
  7178 | D:6      | Noticed Pikel
  7190 | D:6      | Killed Pikel
  7191 | D:6      | Reached skill level 1 in Shields
  7341 | D:6      | Reached skill level 6 in Maces & Flails
  7481 | D:6      | Found a shimmering blue altar of Sif Muna.
  7995 | D:7      | Noticed Prince Ribbit
  8222 | D:7      | Reached skill level 7 in Maces & Flails
  8234 | D:7      | Noticed Harold
  8249 | D:7      | Killed Harold
  8442 | D:7      | Reached skill level 8 in Maces & Flails
  8770 | D:7      | Upgraded the game from 0.27-a0-1149-g4505690ab0 to
                  | 0.27-a0-1154-gfdeffcb720
  8859 | D:7      | Killed Prince Ribbit
  8860 | D:7      | Reached XP level 10. HP: 86/86 MP: 10/10
  9275 | D:8      | Found a shimmering altar of Xom.
  9276 | D:8      | Found the +7 mace of Variability {chain chaos}
  9507 | D:8      | Identified the +2 pair of boots "Wizucrei" {rF- rC+++ rN+++
                  | Dex-5}
  9584 | D:8      | Reached skill level 9 in Maces & Flails
 10036 | D:8      | Found an ornate altar of the Wu Jian Council.
 10164 | D:8      | Found a glowing golden altar of the Shining One.
 10167 | D:8      | Found a hazy altar of Hepliaklqana.
 10167 | D:8      | Found an ancient bone altar of Kikubaaqudgha.
 10472 | D:9      | Reached ***** piety under Trog
 11012 | D:9      | Noticed leviel's ghost (novice MiFi)
 11017 | D:9      | Found a runed translucent gate.
 11019 | D:9      | Found a runed translucent gate.
 11019 | D:9      | Noticed a harpy
 11019 | D:9      | a queen bee changed into a harpy
 11020 | D:9      | Found a runed translucent gate.
 11026 | D:9      | Noticed a five-headed hydra
 11028 | D:9      | a harpy changed into a yak
 11073 | D:9      | Killed a five-headed hydra
 11083 | D:9      | Killed leviel's ghost
 11084 | D:9      | Reached skill level 10 in Maces & Flails
 11530 | D:9      | Noticed a two-headed ogre
 11542 | D:9      | Reached XP level 11. HP: 61/95 MP: 11/11
 11547 | D:9      | Killed a two-headed ogre
 11843 | D:9      | Noticed a two-headed ogre
 11852 | D:9      | Killed a two-headed ogre
 12331 | D:9      | Noticed a red ugly thing
 12338 | D:9      | Killed a red ugly thing
 12706 | D:9      | Found an opulent altar of Gozag.
 12808 | D:10     | Entered Level 10 of the Dungeon
 12934 | D:10     | Reached skill level 11 in Maces & Flails
 13183 | D:10     | Reached skill level 5 in Stealth
 13204 | D:10     | Received a gift from Trog
 13462 | D:10     | Found a sacrificial altar of Ru.
 13669 | D:10     | Noticed a two-headed ogre
 13682 | D:10     | Killed a two-headed ogre
 14517 | D:11     | Reached skill level 10 in Fighting
 14800 | D:11     | Noticed Grum
 14831 | D:11     | Killed Grum
 15078 | D:11     | Noticed a death knight
 15101 | D:11     | HP: 4/150 [mirror damage (5)]
 15102 | D:11     | Killed by mirror damage

Illustrated notes

Levels and vault maps discovered:
D:1:      lightli_arrival_quake, layout_loops_corners,
          shapermc_ecumenical_altar_totnotflames, minmay_indecisive_spiral
D:2:      layout_loops_cross, uniq_jessica, uniq_terence
D:3:      layout_loops_cross, kennysheep_slug_shrine, lemuel_doored_altar,
          overflow_temple_1_default, corexii_item_surrounded_by_moat,
          uniq_robin, uniq_sigmund
D:4:      layout_basic, kennysheep_mini, temple_doors_ab, portal_sewer_entry_c
D:5:      layout_gridville, nicolae_overflow_crystal_walls, uniq_duvessa
D:6:      layout_loops_corners, lemuel_blue_sif_altar, dk_xom_monty_hall,
          uniq_pikel
D:7:      layout_gridville, uniq_prince_ribbit1, uniq_harold
D:8:      layout_loops_ring, nzn_wu_jian_council_hall, minitemple,
          minmay_guarded_unrand_variability
D:9:      layout_irregular_city, lemuel_coloured_pillars_altar,
          gammafunk_ghost_split, chequers_mini_garden
D:10:     layout_roguey, nicolae_ru_awakened_eye
D:11:     layout_roguey, grunt_lair_entry_orc_guard_hut, minmay_joined_circles,
          uniq_grum
Temple:   pf_slimified_temple

Skill      XL: |  1  2  3  4  5  6  7  8  9 10 11 |
---------------+----------------------------------+-----
Dodging        | 3 4 5 6 7 |  7.3
Fighting       | 4 5 6 7 8 10 | 10.2
Axes           | 4 5 6 7 |  7.5
Stealth        | 1 3 4 5 |  5.1
Maces & Flails | 2 4 8 10 11 | 11.9
Shields        | 2 3 4 |  4.3

Action                   |  1- 3 |  4- 6 |  7- 9 | 10-12 || total
-------------------------+-------+-------+-------+-------++-------
Melee: Hand axe          |    92 |    26 |       |       ||   118
       Tailslap          |    12 |    13 |    46 |    95 ||   166
       Battleaxe         |       |   146 |     2 |       ||   148
       Mace              |       |       |   220 |   384 ||   604
Invok: Berserk           |     1 |     3 |     1 |     7 ||    12
 Abil: Breathe Fire      |       |       |       |     5 ||     5
  Use: Scroll            |     1 |     7 |     1 |       ||     9
       Potion            |       |     3 |       |     2 ||     5
 Stab: Sleeping          |       |       |     4 |     3 ||     7
       Distracted        |       |       |     1 |       ||     1
Armor: Skin              |    24 |    51 |    30 |    38 ||   143
Dodge: Dodged            |    74 |   122 |    79 |   179 ||   454
Block: Other             |       |       |    27 |    60 ||    87
       Reflection        |       |       |     4 |     2 ||     6

Table legend: (Time is in decaauts)
 A = Elapsed time spent in this place.
 B = Non-inter-level travel time spent in this place.
 C = Inter-level travel time spent in this place.
 D = Time resting spent in this place.
 E = Time spent auto-exploring this place.
 F = Levels seen in this place.
 G = Mean time per level.
                   A        B        C        D        E       F      G
               +--------+--------+--------+--------+--------+-----+--------+
         Total |  15111 |  15109 |      2 |   4201 |   7884 |  13 | 1162.4 |
       Dungeon |  14443 |  14441 |      2 |   3824 |   7884 |  11 | 1313.0 |
        Temple |    110 |    110 |      0 |      0 |      0 |   1 |  110.0 |
         Sewer |    557 |    557 |      0 |    377 |      0 |   1 |  557.0 |
               +--------+--------+--------+--------+--------+-----+--------+

Top non-repeatable levels by time:
     D:9: 2358 daAuts
    D:10: 1622 daAuts
     D:6: 1540 daAuts
     D:1: 1507 daAuts
     D:7: 1372 daAuts
     D:8: 1315 daAuts
     D:3: 1225 daAuts
     D:2: 1114 daAuts
     D:5: 968 daAuts
     D:4: 818 daAuts
    D:11: 599 daAuts
   Sewer: 557 daAuts
  Temple: 110 daAuts
